 Dungeon Crawl Stone Soup version 0.30-a0-424-g7412bad402 (webtiles) character file.

Game seed: 6568334390455149989

186 vineage the Trooper (level 5, -9/59 HPs)
             Began as an Ogre Fighter on Dec 9, 2022.
             Killed by divine providence
             ... invoked by an orc priest
              (17 damage)
             ... on level 3 of the Dungeon.
             The game lasted 00:03:06 (2351 turns).

vineage the Trooper (Ogre Fighter)                  Turns: 2351, Time: 00:03:06

Health: -9/59      AC:  3    Str: 24    XL:     5   Next: 66%
Magic:  5/5        EV: 10    Int:  9    God:
Gold:   106        SH:  5    Dex:  8    Spells: 4/4 levels left

rFire   + + .      SeeInvis .    d - +4 great mace of Fedhas, Conjuring {vorpal, rF+ rN+ Str+2}
rCold   . . .      Faith    .    (shield currently unavailable)
rNeg    + . .      Spirit   .    b - +0 robe
rPois   .          Reflect  +    (helmet restricted)
rElec   .          Harm     .    (no cloak)
rCorr   .          Rampage  .    (gloves unavailable)
Will    .....                    (boots unavailable)
Stlth   +.........               e - amulet of reflection
HPRegen 0.29/turn                g - ring of protection from fire
MPRegen 0.09/turn                (no ring)

@: no status effects
A: large, unfitting armour, tough skin 1
a: no special abilities


You were on level 3 of the Dungeon.
You visited 1 branch of the dungeon, and saw 3 of its levels.

You collected 106 gold pieces.

Inventory:

Hand Weapons
 a - a +0 flail
 d - the +4 great mace of Fedhas, Conjuring (weapon) {vorpal, rF+ rN+ Str+2}
   (You acquired it on level 2 of the Dungeon)

   It inflicts extra damage upon your enemies.
   Str:       It affects your strength (+2).
   rF:        It protects you from fire.
   rN:        It protects you from negative energy.
 p - a +4 whip
Armour
 b - a +0 robe (worn)
 c - a +0 kite shield
Jewellery
 e - an amulet of reflection (around neck)
 g - a ring of protection from fire (left hand)
 k - a ring of wizardry
Wands
 f - a wand of light (3)
Scrolls
 i - 2 scrolls of enchant weapon
 m - a scroll of butterflies
 o - a scroll of poison {unknown}
 q - a scroll of fear
 r - a scroll of identify
Potions
 h - 3 potions of cancellation
 j - 3 potions of attraction
 l - a potion of haste {unknown}
 n - a potion of mutation {unknown}


   Skills:
 * Level 5.6 Fighting
 * Level 3.2 Maces & Flails
 + Level 0.6 Armour
 + Level 3.3 Dodging
 - Level 3.4 Shields


You had 4 spell levels left.
You didn't know any spells.
Your spell library was empty.

Dungeon Overview and Level Annotations

Branches:
Dungeon (3/15)

Altars:


Innate Abilities, Weirdness & Mutations

You are too large for most types of armour.
You have tough skin. (AC +1)


Message History

You block the kobold's attack.
An orc priest comes into view. It is wielding a +0 flail.
The orc hits you with a +0 morningstar! The kobold hits you but does no damage.
You barely miss the kobold. The orc closely misses you.
The kobold closely misses you.
You closely miss the kobold. The orc hits you with a +0 morningstar!
You block the kobold's attack. The orc barely misses you.
The kobold hits you with a +0 club.
You sock the orc priest!
The orc priest is heavily wounded.
An orc comes into view. It is wielding a +0 dagger.
The orc hits you with a +0 morningstar. The kobold closely misses you.
The orc priest miscasts a cantrip.
You are too injured to fight recklessly!
You are too injured to fight recklessly!
You are too injured to fight recklessly!
You are too injured to fight recklessly!
You are too injured to fight recklessly!
You are too injured to fight recklessly!
You are too injured to fight recklessly!
You are too injured to fight recklessly!
You are too injured to fight recklessly!
You are too injured to fight recklessly!
You are too injured to fight recklessly!
You are too injured to fight recklessly!
You are too injured to fight recklessly!
The orc priest attacks as you move away!
The orc priest hits you with a +0 flail.
The orc attacks as you move away! You block the orc's attack.
The kobold attacks as you move away! The kobold closely misses you.
The orc attacks as you move away! The orc misses you.
The orc priest invokes the aid of Beogh against you.
Beogh smites you!
* * * LOW HITPOINT WARNING * * *
You barely miss the orc. You block the orc's attack.
The orc hits you with a +0 morningstar.
* * * LOW HITPOINT WARNING * * *
The orc priest calls down the wrath of Beogh upon you.
Beogh smites you!
You die...

.#....# #o....#
#.....# #..)..#
#.....# #...o.#
#.##K## #. #o# # #@#
#.##.# #.##.#
#.##.##.# #.##.##.#.
#. #.##.##.#. ....##
#.##.##.#.......<. #.
#.##.##.#...#.. .. #.
#.##.##.###.#.###.##.


You could see an orc priest, 2 orcs and a kobold.

Vanquished Creatures
  Jessica (D:3)
  Ijyb (D:3)
  Terence (D:2)
  An orc wizard (D:3)
  An adder (D:2)
  2 worms (D:2)
  3 dart slugs
  8 orcs
  4 endoplasms
  5 goblins
  A hobgoblin (D:1)
  7 jackals
  2 quokkas
  2 ball pythons
  5 bats
  3 frilled lizards (D:1)
  8 kobolds
  4 rats
59 creatures vanquished.

Notes
Turn   | Place    | Note
-------+----------+-------------------------------------------
     0 | D:1      | vineage the Ogre Fighter began the quest for the Orb.
     0 | D:1      | Reached XP level 1. HP: 24/24 MP: 1/1
   342 | D:1      | Reached XP level 2. HP: 32/32 MP: 2/2
   797 | D:1      | Reached XP level 3. HP: 40/40 MP: 3/3
  1152 | D:2      | Reached XP level 4. HP: 26/49 MP: 4/4
  1281 | D:2      | Reached skill level 5 in Fighting
  1482 | D:2      | Noticed Terence
  1494 | D:2      | Killed Terence
  1757 | D:2      | Identified a scroll of acquirement
  1757 | D:2      | Acquired the +4 great mace of Fedhas, Conjuring {vorpal,
                  | rF+ rN+ Str+2}
  1834 | D:3      | Reached XP level 5. HP: 56/57 MP: 5/5
  1910 | D:3      | Noticed Jessica
  1921 | D:3      | Killed Jessica
  2003 | D:3      | Noticed Ijyb
  2010 | D:3      | HP: 1/85 [Ijyb/bolt of light (17)]
  2013 | D:3      | Killed Ijyb
  2351 | D:3      | Killed from afar by an orc priest

Illustrated notes

Levels and vault maps discovered:
D:1:      minmay_arrival_glassed_features, layout_basic, minmay_tromino_v7
D:2:      layout_basic, nicolae_hexahallways, minmay_bisected, uniq_terence
D:3:      layout_basic, mainiacjoe_overflow_brackets, st_stairs_6, uniq_ijyb,
          uniq_sigmund, uniq_jessica

Skill      XL: |  1  2  3  4 |
---------------+-------------+-----
Maces & Flails | 2 3 |  3.2
Dodging        | 3 |  3.3
Fighting       | 5 |  5.6
Armour         | |  0.6
Shields        | |  3.4

Action                   |  1- 3 |  4- 6 || total
-------------------------+-------+-------++-------
Melee: Flail             |    95 |    39 ||   134
       Great mace        |       |    30 ||    30
  Use: Scroll            |     3 |     5 ||     8
       Potion            |     1 |     1 ||     2
Armor: Robe              |    39 |    14 ||    53
Dodge: Dodged            |    45 |    27 ||    72
Block: Kite shield       |    79 |    25 ||   104
       Reflection        |     1 |     2 ||     3
       Other             |       |     8 ||     8

Table legend: (Time is in decaauts)
 A = Elapsed time spent in this place.
 B = Non-inter-level travel time spent in this place.
 C = Inter-level travel time spent in this place.
 D = Time resting spent in this place.
 E = Time spent auto-exploring this place.
 F = Levels seen in this place.
 G = Mean time per level.
                   A        B        C        D        E       F      G
               +--------+--------+--------+--------+--------+-----+--------+
         Total |   2433 |   2391 |     42 |    439 |   1516 |   3 |  811.0 |
       Dungeon |   2433 |   2391 |     42 |    439 |   1516 |   3 |  811.0 |
               +--------+--------+--------+--------+--------+-----+--------+

Top non-repeatable levels by time:
     D:2: 963 daAuts
     D:1: 891 daAuts
     D:3: 579 daAuts
